 Dungeon Crawl Stone Soup version 0.19-a0-1895-g783e625 (webtiles) character file.

51 lorenzova the Poker (level 3, 0/29 HPs)
             Began as a Merfolk Skald on Oct 18, 2016.
             Slain by Ijyb (2 damage)
             ... on level 2 of the Dungeon.
             The game lasted 00:02:54 (1794 turns).

lorenzova the Poker (Merfolk Skald)                 Turns: 1794, Time: 00:02:55

Health: 0/29       AC:  0    Str: 13    XL:     3   Next: 81%
Magic:  3/6        EV: 12    Int: 11    God:
Gold:   91         SH:  0    Dex: 13    Spells: 2 memorised, 3 levels left

rFire  . . .     SeeInvis .     a - +1 spear
rCold  . . .     Gourm    .     b - +0 leather armour
rNeg   . . .     Faith    .     (no shield)
rPois  .         Spirit   .     (no helmet)
rElec  .         Reflect  .     (no cloak)
rCorr  .         Harm     .     (no gloves)
MR     .....                    i - -2 pair of boots (curse)
Stlth  +.........               (no amulet)
                                (no ring)
                                j - -3 ring of protection (curse)

@: no status effects
A: change form in water, swift swim, stealthy swim
a: no special abilities


You were on level 2 of the Dungeon.
You were hungry.

You visited 1 branch of the dungeon, and saw 2 of its levels.

You collected 91 gold pieces.

Inventory:

Hand Weapons
 a - a +1 spear (weapon)
Armour
 b - a +0 leather armour (worn)
 i - a cursed -2 pair of boots (worn)
Jewellery
 j - a cursed -3 ring of protection (left hand)
Scrolls
 f - 2 scrolls of identify {unknown}
Potions
 e - a potion of haste {unknown}
 h - a potion of beneficial mutation {unknown}
 k - a potion of flight {unknown}
 m - a potion of brilliance {unknown}
Books
 c - a book of Battle

   Spells                             Type                      Level
   a - Infusion                       Charms                       1
   b - Shroud of Golubria             Charms/Translocation         2
   c - Song of Slaying                Charms                       2
   d - Spectral Weapon                Hexes/Charms                 3
   e - Regeneration                   Charms/Necromancy            3
Comestibles
 d - 2 bread rations


   Skills:
 + Level 3.4 Fighting
 + Level 4.1 Polearms
 - Level 0.6 Armour
 + Level 2.3 Dodging
 - Level 2.0 Spellcasting
 - Level 3.2 Charms


You had 3 spell levels left.
You knew the following spells:

 Your Spells              Type           Power        Failure   Level  Hunger
a - Infusion              Chrm           #...         12%         1    ##.....
b - Song of Slaying       Chrm           #.......     17%         2    ###....


Dungeon Overview and Level Annotations

Branches:
Dungeon (2/15)

Altars:
Makhleb
Qazlal
Sif Muna
Xom

Annotations:
D:2 Ijyb


Message History

You hit Ijyb but do no damage.
Ijyb is almost dead.
The bat barely misses you. Ijyb misses you.
You closely miss Ijyb.
Ijyb is almost dead.
The bat hits you.
* * * LOW HITPOINT WARNING * * *
Ijyb hits you.
* * * LOW HITPOINT WARNING * * *
You barely miss Ijyb.
Ijyb is almost dead.
The bat hits you.
* * * LOW HITPOINT WARNING * * *
The bat closely misses you. Ijyb misses you.
You closely miss Ijyb.
Ijyb is almost dead.
The bat hits you.
* * * LOW HITPOINT WARNING * * *
Ijyb hits you.
You die...

....# .. .##.# #?# .##.#
#.# # #.# ###.## # #.#
#.... ###.# #.#.# ....##
#.#.# .....#
##...###.#...
..##.#######....@g......
........................
...#.#######....b##.....
.#.#.# #.....# #...
##.#.# #....... ..
##.#.# #.#.####. .
.....# #.#.# ##.###
#.... ##.# ## ##


You could see Ijyb and a bat.

Vanquished Creatures
  An adder (D:2)
  An ooze (D:1)
  A worm (D:2)
  A dart slug (D:2)
  A leopard gecko (D:1)
  4 bats
  3 giant cockroaches
  5 goblins
  4 hobgoblins
  A frilled lizard (D:1)
  6 kobolds
  2 rats
30 creatures vanquished.

Notes
Turn   | Place    | Note
-------+----------+-------------------------------------------
     0 | D:1      | lorenzova the Merfolk Skald began the quest for the Orb.
     0 | D:1      | Reached XP level 1. HP: 16/16 MP: 3/3
   174 | D:1      | Reached XP level 2. HP: 23/23 MP: 5/5
   428 | D:1      | Learned a level 2 spell: Song of Slaying
   767 | D:1      | Reached XP level 3. HP: 28/28 MP: 6/6
   981 | D:2      | Reached skill level 4 in Polearms
  1032 | D:2      | Found a shimmering altar of Xom.
  1037 | D:2      | Found a hazy altar of Hepliaklqana.
  1037 | D:2      | Found a hide-covered altar of Uskayaw.
  1039 | D:2      | Found a stormy altar of Qazlal.
  1039 | D:2      | Found a burning altar of Makhleb.
  1039 | D:2      | Found a deep blue altar of Sif Muna.
  1767 | D:2      | Noticed Ijyb
  1794 | D:2      | Slain by Ijyb

Vault maps used:
D:1:      dpeg_arrival_central
D:2:      bloody_trog, first_bread, doesnt_xom_only_xom, uniq_iyjb

Skill      XL: |  1  2  3 |
---------------+----------+-----
Fighting       | 3 |  3.4
Polearms       | 4 |  4.1
Dodging        | 2 |  2.3
Armour         | |  0.6
Spellcasting   | |  2.0
Charms         | |  3.2

Action                   || total
-------------------------++-------
Melee: Spear             ||   153
 Cast: Infusion          ||     2
  Use: Scroll            ||     3
 Stab: Sleeping          ||     1
  Eat: Chunk             ||     2
Armor: Leather armour    ||    14
Dodge: Dodged            ||    72
